Cogmind - Beta 15 @@@ ROGUE MODE // 2025.08.14 @ 11:28:58 Player: Ragnakor Result: Destroyed by Y-45 Defender with Heavy Assault Rifle Performance ------------- Evolutions (1) 500 Regions Visited (2) 400 Robots Destroyed (24) 120 Value Destroyed (617) 617 Prototype IDs (3) 60 Alien Tech Used (0) 0 Bonus (0) 0 TOTAL SCORE: 1697 Bonus ------- None Cogmind --------- Core Integrity 0/400 Matter 223/300 Energy 100/100 System Corruption 0% Temperature Cool (9) Movement Core (1400) Ox27 Location -9/Materials Parts ------- > --- POWER (2) -------- (None) > --- PROPULSION (2) --- (None) > --- UTILITY (3) ------ Huge Storage Unit Signal Interpreter > --- WEAPON (2) ------- Improved Assault Rifle > --- INVENTORY (25) --- Small Storage Unit Large Storage Unit High-capacity Storage Unit Sensor Array Advanced Beam Cannon Advanced Beam Cannon Light Assault Rifle Improved Assault Rifle Datajack Hammer Peak State ------------ > --- POWER ------------ Backup Power I > --- PROPULSION ------- Improved Hover Unit > --- UTILITY ---------- Huge Storage Unit Signal Interpreter Tractor Beam > --- WEAPON ----------- Improved Assault Rifle Mini Grenade Launcher > --- INVENTORY -------- Small Storage Unit Large Storage Unit High-capacity Storage Unit Sensor Array Advanced Beam Cannon Advanced Beam Cannon Light Assault Rifle Improved Assault Rifle Datajack Hammer [Rating: 12] Favorites ----------- Power Light Ion Engine Engine Light Ion Engine Propulsion Aluminum Leg Leg Aluminum Leg Hover Unit Improved Hover Unit Utility Large Battery Device Tractor Beam Storage Large Battery Processor Signal Interpreter Weapon Light Assault Rifle Ballistic Gun Light Assault Rifle Launcher Mini Grenade Launcher Impact Weapon Hammer Special Melee Weapon Datajack Build | -11 -10 -9 ------- Run | Yrd Mat Mat Slots Evolved 2 | . . 2 Power 1 | . . 1 Propulsion . | . . . Utility 1 | . . 1 Weapon . | . . . Parts Attached 22 | 5 10 7 Power 4 | 1 2 1 Engine 4 | 1 2 1 Core . | . . . Reactor . | . . . Propulsion 4 | 2 1 1 Treads . | . . . Leg 3 | 2 1 . Wheel . | . . . Hover 1 | . . 1 Flight . | . . . Utility 6 | 1 3 2 Device 1 | . . 1 Storage 4 | 1 3 . Processor 1 | . . 1 Hackware . | . . . Protection . | . . . Artifact . | . . . Weapon 8 | 1 4 3 Energy Gun . | . . . Energy Cannon . | . . . Ballistic Gun 5 | 1 2 2 Ballistic Cannon . | . . . Launcher 1 | . . 1 Special Weapon . | . . . Impact Weapon 1 | . 1 . Slashing Weapon . | . . . Piercing Weapon . | . . . Special Melee Weapon 1 | . 1 . Unidentified Prototypes 1 | . . 1 Parts Lost 12 | . 4 8 Power 3 | . . 3 Propulsion 3 | . 1 2 Utility 1 | . . 1 Weapon 5 | . 3 2 Highest Loss Streak 2 | . 2 2 To Critical Strikes . | . . . Average Backups 8 | 2 7 10 Power 2 | . 2 1 Propulsion . | . . . Utility 2 | . 2 3 Weapon 1 | 1 . 4 Tool/Special . | . . . Unused Backups 6 | . 1 5 Power . | . . . Propulsion 1 | . 1 . Utility 2 | . . 2 Weapon 2 | . . 2 Tool/Special 1 | . . 1 Average Slot Usage (%) 80 | . 90 56 Engine 11 | . 14 7 Leg 14 | . 19 3 Hover 1 | . . 3 Storage 23 | . 27 14 Processor 1 | . . 4 Ballistic Gun 15 | . 19 8 Launcher 1 | . . 5 Impact Weapon 7 | . 7 7 Peak Build Rating 12 | 5 7 12 Average Rating 6 | 3 6 8 On Entrance 3 | . 5 6 Naked Turns . | . . . Heaviest Build 91 | 9 89 91 Greatest Support 20 | 20 20 10 Greatest Overweight (x) 29 | 2 8 29 Average Overweight (x) 4 | . 3 13 Largest Inventory Capacity 25 | 8 25 25 Average Capacity 22 | 7 21 25 Most Carried 15 | 5 8 15 Average Carried 8 | 2 7 10 Final Capacity 25 | 8 25 25 Final Carried 10 | 4 8 10 Class Distribution -------------------- 100% | Mutant Dominant Class ---------------- Mutant | -10/Materials Mutant | -9/Materials Resources | -11 -10 -9 ----------- Run | Yrd Mat Mat Matter Collected 558 | 187 293 78 Remotely 31 | . . 31 Salvage Created 608 | . 323 285 Parts 37 | . 22 15 Haulers Intercepted . | . . . Recyclers Shooed . | . . . Parts Field Recycled . | . . . Retrieved Matter . | . . . Parts Self-Destructed . | . . . Prevented . | . . . Kills | -11 -10 -9 ------- Run | Yrd Mat Mat Combat Hostiles Destroyed 22 | . 14 8 Guns 13 | . 13 . AOE 6 | . . 6 Classes Destroyed 5 | . 2 3 Worker 1 | . . 1 Builder 1 | . . 1 Swarmer 9 | . 9 . Grunt 12 | . 5 7 Duelist 1 | . . 1 Best Kill Streak 4 | . 3 4 Combat Bots Only 3 | . 3 3 Max Kills in Single Turn 2 | . 1 2 Gunslinging . | . . . Exploded 2 | . . 2 Melee . | . . . Uniques/NPCs Destroyed . | . . . Combat | -11 -10 -9 -------- Run | Yrd Mat Mat Hostile Shots Fired 195 | . 122 73 Missed 47 | . 28 19 Hits 148 | . 94 54 Melee 6 | . . 6 Projectile 142 | . 94 48 Critical Strikes 3 | . 1 2 Damage Taken 1715 | . 859 856 Core 619 | . 211 408 Absorbed by Shields . | . . . Regen/Repaired (Parts) 25 | . 25 . Core Remaining (%) 57 | 100 15 . Volleys Fired 58 | . 44 14 Largest 2 | . 2 2 Hottest 53 | . 40 53 Shots Fired 95 | . 79 16 Gun 89 | . 79 10 Cannon . | . . . Launcher 6 | . . 6 Special . | . . . Kinetic 89 | . 79 10 Thermal . | . . . Explosive 6 | . . 6 Electromagnetic . | . . . Robot Hit Streak 5 | . 4 5 Robot Miss Streak 4 | . 4 1 Penetration Max . | . . . Secondary Targets . | . . . Shots Hit Robots 64 | . 48 16 Core Hits 35 | . 22 13 Critical Kills 1 | . 1 . Critical Parts Destroyed 2 | . . 2 Critical Strikes 3 | . 1 2 Destroy 1 | . 1 . Smash 2 | . . 2 Melee Attacks 11 | . 7 4 Impact 6 | . 2 4 Slashing . | . . . Piercing . | . . . Sneak Attacks . | . . . Combat Hostiles . | . . . Follow-up Attacks . | . . . Damage Inflicted 1187 | . 484 703 Guns 543 | . 444 99 Cannons . | . . . Explosions 526 | . . 526 Melee 115 | . 37 78 Ramming 3 | . 3 . Kinetic 543 | . 444 99 Thermal . | . . . Explosive 526 | . . 526 Electromagnetic . | . . . Impact 115 | . 37 78 Slashing . | . . . Piercing . | . . . Highest Corruption . | . . . Average Corruption . | . . . Corruption Purged . | . . . Corruption Blocked . | . . . Overload Shots . | . . . Overflow Damage 57 | . 7 50 Projectiles . | . . . Explosions 8 | . . 8 Melee 49 | . 7 42 Knockbacks 2 | . 1 1 Impact 2 | . 1 1 Kinetic . | . . . Secondary . | . . . Self-Inflicted Damage . | . . . Shots . | . . . Rammed . | . . . Targets Rammed 2 | . 2 . Kicked 2 | . 2 . Crushed . | . . . Highest Temperature 12 | . 12 . Average Temperature 7 | . 7 . Received Heat Transfer 492 | . 210 282 Siege Activations . | . . . Martial Activations . | . . . Shielding Activations . | . . . Robots Disrupted . | . . . Combat Hostiles . | . . . Robots Corrupted 3 | . 1 2 Combat Hostiles 3 | . 1 2 Parts Fried 4 | . 3 1 Impact Corruptions 4 | . 1 3 Robots Melted . | . . . Combat Hostiles . | . . . Parts Melted . | . . . Heat Transferred . | . . . Parts Sabotaged . | . . . Parts Stolen . | . . . Parts Stripped . | . . . Power Chain Reactions . | . . . Alert | -11 -10 -9 ------- Run | Yrd Mat Mat Maximum Alert Level . | . . . Low Security (%) 100 | 100 100 100 Level 1 . | . . . Level 2 . | . . . Level 3 . | . . . Level 4 . | . . . Level 5 . | . . . High Security . | . . . Max Security . | . . . Peak Influence 132 | . 125 132 Initial . | . . . Average 27 | . 22 39 Influence Increases 710 | . 378 332 Destroy 0b10 Robot/C 440 | . 280 160 Destroy 0b10 Robot/NC 10 | . . 10 Destroy Leader 100 | . 60 40 Trap Triggered on 0b10 10 | . 10 . Successful Hack 13 | . 13 . Disable Machine 60 | . . 60 Destroy Structure 62 | . . 62 Lose Combat Pursuer 15 | . 15 . Influence Decreases 646 | . 378 268 Time Decay 556 | . 338 218 Lost Part 90 | . 40 50 Squads Dispatched 5 | . 4 1 Investigation 3 | . 3 . Extermination . | . . . Reinforcement 2 | . 1 1 Assault . | . . . Garrison . | . . . Intercept . | . . . Searches Triggered . | . . . Construction Impeded 1 | . . 1 Haulers Reinforced . | . . . Active Scanning Responses . | . . . Cargo Convoy Interrupts . | . . . Stealth | -11 -10 -9 --------- Run | Yrd Mat Mat Distress Signals . | . . . Communications Jammed . | . . . Distress Signals . | . . . Times Spotted 37 | . 27 10 Peak Tracking Total 4 | . 4 3 Tactical Retreats 1 | . 1 . Traps | -11 -10 -9 ------- Run | Yrd Mat Mat Traps Triggered . | . . . Indirectly . | . . . Trap Hack Attempts . | . . . Triggered . | . . . Disarmed . | . . . Reprogrammed 6 | . 6 . Reused 1 | . 1 . Traps Extracted . | . . . Installed . | . . . Triggered 1 | . 1 . Machines | -11 -10 -9 ---------- Run | Yrd Mat Mat Machines Disabled 4 | . . 4 Max in Single Turn 2 | . . 2 Machines Repaired . | . . . Machines Dismantled . | . . . Machines Sabotaged . | . . . Overloaded Fab Kills . | . . . Hacking | -11 -10 -9 --------- Run | Yrd Mat Mat Machines Accessed 6 | . 6 . Terminals 3 | . 3 . Fabricators . | . . . Repair Stations 1 | . 1 . Recycling Units 2 | . 2 . Scanalyzers . | . . . Garrison Access . | . . . Total Hacks 25 | . 25 . Successful 15 | . 15 . Failed 10 | . 10 . Catastrophic . | . . . Database Lockouts . | . . . Manual . | . . . Terminals 15 | . 15 . Fabricators . | . . . Repair Stations 3 | . 3 . Recycling Units 7 | . 7 . Scanalyzers . | . . . Garrison Access . | . . . Terminal Hacks 7 | . 7 . Record 1 | . 1 . Prototype ID Bank 1 | . 1 . Terminal Index 1 | . 1 . Alert Level 2 | . 2 . Locate Traps 1 | . 1 . Reprogram Traps 1 | . 1 . Fabricator Hacks . | . . . Repair Station Hacks 3 | . 3 . Scan Component 1 | . 1 . Repair 1 | . 1 . Refit 1 | . 1 . Recycling Unit Hacks 5 | . 5 . Recycle Component 2 | . 2 . Process 1 | . 1 . Report Inventory 2 | . 2 . Scanalyzer . | . . . Garrison Access Hacks . | . . . Unauthorized Hacks . | . . . Terminals . | . . . Fabricators . | . . . Repair Stations . | . . . Recycling Units . | . . . Scanalyzers . | . . . Garrison Access . | . . . Data Cores Recovered . | . . . Used . | . . . Hacking Detections 5 | . 5 . Full Trace Events 4 | . 4 . Feedback Events . | . . . Feedback Blocked . | . . . Robot Schematics Acquired . | . . . Robots Built . | . . . Authchips . | . . . Time . | . . . Total Robot Build Rating . | . . . Part Schematics Acquired . | . . . Parts Built . | . . . Authchips . | . . . Time . | . . . Total Part Build Rating . | . . . Parts Repaired 1 | . 1 . Time 26 | . 26 . Parts Recycled 2 | . 2 . Recycled Matter 69 | . 69 . Retrieved Matter . | . . . Retrieved Components . | . . . Parts Scanalyzed . | . . . Part Schematics Acquired . | . . . Parts Damaged . | . . . Bothacking | -11 -10 -9 ------------ Run | Yrd Mat Mat Used RIF Installer . | . . . Robots Hacked 1 | . 1 . Non-combat . | . . . Combat 1 | . 1 . Robot Hacks Applied 1 | . 1 . parse_system 1 | . 1 . Relay Couplers Released . | . . . Fabnet Peak Effective % . | . . . Robots Rewired . | . . . Allies Hacked . | . . . Hacks Repelled . | . . . Allies | -11 -10 -9 -------- Run | Yrd Mat Mat Total Allies . | . . . Largest Group . | . . . Highest-Rated Group . | . . . Highest-Rated Ally . | . . . Total Orders . | . . . Ally Attacks . | . . . Total Damage . | . . . Kills . | . . . Allies Corrupted . | . . . Allies Melted . | . . . Intel | -11 -10 -9 ------- Run | Yrd Mat Mat Active Infowar (turns) . | . . . Robot Analysis Total . | . . . Derelict Logs Recovered . | . . . Drone Launches . | . . . Drone Recoveries . | . . . Exploration | -11 -10 -9 ------------- Run | Yrd Mat Mat Turns Passed 2912 | 77 1968 867 Spaces Moved 645 | 57 495 93 Core 35 | 18 . 17 Treads . | . . . Legs 572 | 39 495 38 Wheels . | . . . Hover 38 | . . 38 Flight . | . . . Fastest Speed 50 | 50 120 680 Average Speed 414 | 111 364 867 Slowest Speed 1500 | 150 680 1500 Overloaded Moves . | . . . Propulsion Burnouts . | . . . Robots Hopped . | . . . Potential Cave-ins . | . . . Cave-ins Triggered . | . . . Exploration Rate (%) 21 | 4 48 12 Regions Visited 2 Branch Regions . Pre-discovered Areas . | . . . Known Exits Taken . | . . . Unknown Exits Taken 2 | 1 1 . Scrap Searched . | . . . Spaces Dug . | . . . Terrain Destroyed 61 | . . 61 Melee . | . . . Projectile . | . . . AOE 61 | . . 61 Terrain Rammed . | . . . Walls Destroyed . | . . . Machines Disabled . | . . . Actions | -11 -10 -9 --------- Run | Yrd Mat Mat Total 784 | 70 581 133 Wait 11 | . 11 . Move 643 | 56 494 93 Hop . | . . . Pick Up 29 | 9 11 9 Fast Attach . | . . . Attach 19 | 5 5 9 Detach 3 | . . 3 Swap 7 | . 7 . Drop 1 | . . 1 Fire 58 | . 44 14 Melee 11 | . 7 4 Ram . | . . . Kick 2 | . 2 . Crush . | . . . Escape Stasis . | . . . Rewire . | . . . Trap . | . . . Miscellaneous . | . . . Route ------- -11/Scrapyard -10/Materials (discovered 3 exits: [*Mat x2] / [*Min]) -9/Materials (discovered 1 exit: [*Sto]) History --------- Turn | Location | Event 8 | -11/Scrapyard | Discovered new exit (range 15) 78 | -11/Scrapyard | Entered Materials 306 | -10/Materials | Build established: Mutant 367 | -10/Materials | Repaired Ion Engine 433 | -10/Materials | Discovered new exit (range 11) 438 | -10/Materials | Discovered new exit (range 15) 717 | -10/Materials | Core integrity fell below 50% 927 | -10/Materials | Core integrity fell below 20% 1250 | -10/Materials | Discovered new exit (range 11) 2046 | -10/Materials | Entered another Materials area 2046 | -9/Materials | Evolved 2 slots: Power x1, Utility x1 2838 | -9/Materials | Discovered new exit (range 16) 2853 | -9/Materials | Core integrity fell below 50% 2902 | -9/Materials | Core integrity fell below 20% 2913 | -9/Materials | Destroyed by Y-45 Defender with Heavy Assault Rifle Last Messages --------------- 02877_ U-05 Engineer lays Concrete. 02878_ U-05 Engineer builds a Wall. 02881_ K-01 Serf collects debris. 02883_ U-05 Engineer lays Concrete. 02885_ U-05 Engineer builds a Wall. 02885_ K-01 Serf collects debris. 02887_ The unstable cave ceiling collapses. 02887_ Ion Engine crushed. 02888_ K-01 Serf collects debris. 02890_ U-05 Engineer lays Concrete. 02892_ U-05 Engineer builds a Wall. 02892_ K-01 Serf collects debris. 02896_ U-05 Engineer lays Concrete. 02898_ U-05 Engineer builds a Door. 02901_ Critical hit (Burn: +37). 02903_ U-05 Engineer lays Concrete. 02905_ U-05 Engineer builds a Wall. 02906_ K-01 Serf collects debris. 02910_ U-05 Engineer lays Concrete. 02912_ U-05 Engineer builds a Wall. Map ----- +----------------------------------------------------+ | ?????????????????????????????????????????????????? | | ?????????????????????????????????????????????????? | | ?????????????????????????????????????????????????? | | ?????????????????????????????????????????????????? | | ?????????????????????????????????????????????????? | | ?????????????????????????????????????????????????? | | ?????????????????????????????????????????????????? | | ?????????????????????????????????????????????????? | | ?????????????????????????????????????????????????? | | ?????????????????????????????????????????????????? | | ?????????????????????????????????????????????????? | | ?????????????????????????????????????????????????? | | ?????????????????????????????????????????????????? | | ?????????????????????????????????????????????????? | | ???????????????????????????????????????########### | | ???????????????????????????????????????? # | | ????????????????????????##########?????????# # | | ???????????????????????? #?????????# # | | ?????????????????????# !! #?????????# # | | ?????????????????????# """ !! #?????????# # | | ?????????????????????# """ ! #?????????# + | | ?????????????????????# """ ##????????# # | | ?????????????????????# """ "T" Y#????????# # | | ?????????????????????# ??????????## # | | ????????????? ######### ############### # | | ?????????? ]%]@ # | | ?????????? < =]Y] ### | | ?????????? !]u ##? | | ??????????? ###### ###+################## ##? | | ???????????????????# ## # #? | | ???????????????? # ## # #? | | ??????????????# """ # ### " + #? | | ????????????????""" ?# """" # #? | | ?????????????????"" ### """" # #? | | ????????????????? ] ##?# """ ## ##? | | ????????????????""" #??# """ ## #?? | | ????????????????""" # #??# ## #?? | | ?????????????????"" ### # ####??# ## #?? | | ?????????????????? ??######??????########### #?? | | ???????????????????????????????????????????# +?? | | ???????????????????????????????????????????# # ? | | ???????????????????????????????????????????# # ? | | ???????????????????????????????????????????# #? | | ???????????????????????????????????????????# #?# | | ???????????????????????????????????????????# #?? | | ??????????????????????????????????????????? #?? | | ??????????????????????????????????????????? #?? | | ??????????????????????????????????????????? #?? | | ???????????????????????????????????????????## #??? | | ????????????????????????????????????????????? ???? | +----------------------------------------------------+ Best States ------------- Heat Dissipation 28 Energy Generation 10 Energy Capacity 450 Matter Stores 300 Matter Capacity 300 Sight Range 16 Terrain Scan Density 10 Evasion (%) 55 Item Schematics ----------------- None Robot Schematics ------------------ None Fabricated ------------ Nothing Repaired ---------- Ion Engine | 58% | -10/Materials Alien Tech Used ----------------- None Achievements -------------- Power Corrupts Challenges ------------ None Game ------ Seed IonicConcussiveMultitool Manual? 0 Play Time 00:34:28 Cumulative 2.3 hours Start 2025.08.14 @ 10:54:07 End 2025.08.14 @ 11:28:58 Sessions 1 Manual Loads 0 Difficulty Rogue Special Mode None Game No. 5 Rogue 5 Adventurer 0 Explorer 0 Win Type - Total 0 Types 0/0/0/0/0/0/0/0/0/0 Lore% 1 Gallery% 5 Achievement% 7 Wizard Run 0 Options --------- Layout 1 ASCII 0 Keyboard 0 Movement Numpad Keybinds 0 Fullscreen 1 Font 24/Smallcaps Map View 50x35 Zoom Use 0% Tactical HUD 1 Map Filters NONE Filters NONE Steam 1 RUN: 873832a2-9cd1-44bb-8f3e-d75cda55b7cd